 Dungeon Crawl Stone Soup version 0.30-a0-870-gc5d4c5acee (webtiles) character file.

Game seed: 15281318630542680134

70842 Bnni the Tortoise (level 15, 0/125 HPs)
             Began as a Formicid Venom Mage on Mar 7, 2023.
             Was the Champion of Cheibriados.
             Killed by divine providence
             ... invoked by Saint Roka
              (13 damage)
             ... on level 2 of the Orcish Mines on Mar 11, 2023.
             The game lasted 01:00:32 (22565 turns).

Bnni the Tortoise (Formicid Venom Mage)            Turns: 22565, Time: 01:00:32

Health: 0/125      AC: 38    Str: 32    XL:     15   Next: 79%
Magic:  4/24       EV:  9    Int: 33    God:    Cheibriados [******]
Gold:   555        SH: 16    Dex: 29    Spells: 10/20 levels left

rFire   . . .      SeeInvis +    T - +0 battleaxe
rCold   . . .      Faith    .    B - +0 kite shield
rNeg    . . .      Spirit   .    X - +10 plate armour {ponderous}
rPois   .          Reflect  .    (helmet unavailable)
rElec   .          Rampage  .    V - +0 cloak
rCorr   .                        P - +0 pair of gloves
Will    +....                    (no boots) Stlth
                                 d - amulet of the acrobat
HPRegen 0.40/turn                l - +4 ring of protection
MPRegen 0.19/turn                h - +4 ring of protection

@: mighty, studying Axes, very slow
A: permanent stasis, dig shafts and tunnels, antennae 3, four strong arms
a: Dig, Shaft Self, Renounce Religion, Bend Time, Temporal Distortion, Slouch,
Step From Time


You were on level 2 of the Orcish Mines.
You worshipped Cheibriados.
Cheibriados was exalted by your worship.
You visited 3 branches of the dungeon, and saw 20 of its levels.

You collected 1675 gold pieces.
You spent 1120 gold pieces at shops.

Inventory:

Hand Weapons
 c - a +1 morningstar of protection
 s - a +2 dagger of electrocution
 J - a +4 scimitar of flaming
 N - a +2 dire flail of venom
 T - a +0 battleaxe (weapon)
Missiles
 z - 2 throwing nets
 H - 3 curare-tipped darts
Armour
 B - a +0 kite shield (worn)
 P - a +0 pair of gloves (worn)
 U - a +3 plate armour of cold resistance
 V - a +0 cloak (worn)
 X - a +10 plate armour of ponderousness (worn)
Jewellery
 d - an amulet of the acrobat (around neck)
 h - a +4 ring of protection (right hand)
 l - a +4 ring of protection (left hand)
 m - a ring of resist corrosion
 y - a +5 ring of evasion
 C - a ring of fire
 Q - a ring of protection from fire
Wands
 t - a wand of digging (13)
 u - a wand of polymorph (15)
 v - a wand of mindburst (10)
 G - a wand of flame (27)
 L - a wand of charming (15)
 R - a wand of roots (9)
Scrolls
 e - 2 scrolls of poison
 j - 4 scrolls of enchant weapon
 k - 5 scrolls of immolation
 o - 2 scrolls of fear
 p - 3 scrolls of butterflies
 q - 5 scrolls of vulnerability
 w - 2 scrolls of enchant armour
 x - a scroll of acquirement {unknown}
 K - a scroll of amnesia
 M - a scroll of brand weapon
 O - a scroll of magic mapping
Potions
 b - 2 potions of magic
 f - 11 potions of curing
 g - 4 potions of brilliance
 n - 2 potions of lignification {unknown}
 r - 2 potions of flight
 A - 3 potions of ambrosia
 D - a potion of degeneration {unknown}
 E - a potion of cancellation {unknown}
 F - 2 potions of might
 I - 2 potions of attraction {unknown}
Miscellaneous
 a - a condenser vane
 S - a phantom mirror


   Skills:
 + Level 13.9 Fighting
 * Level 7.4 Axes
 + Level 15.2 Armour
 + Level 2.0 Dodging
 - Level 2.5 Stealth
 - Level 14.0 Shields
 - Level 3.0 Spellcasting
 - Level 1.1 Transmutations
 - Level 3.0 Air Magic
 - Level 12.0 Poison Magic
 - Level 13.0 Invocations


You had 10 spell levels left.
You knew the following spells:

 Your Spells              Type           Power      Damage    Failure   Level
a - Sting                 Tmut/Pois      100%       1d8       3%          1
b - Poisonous Vapours     Pois/Air       100%       N/A       3%          2
c - Mephitic Cloud        Conj/Pois/Air  37%        N/A       17%         3
d - Olgreb's Toxic Radia  Pois           71%        N/A       3%          4

Your spell library contained the following spells:

 Spells                   Type           Power      Damage    Failure   Level
 Summon Small Mammal      Summ           16%        N/A       41%         1
 Lesser Beckoning         Tloc           8%         N/A       56%         2
 Momentum Strike          Conj/Tloc      8%         3d8       56%         2
 Scorch                   Fire           8%         2d5       56%         2
 Call Canine Familiar     Summ           4%         N/A       80%         3
 Portal Projectile        Hex/Tloc       8%         N/A       80%         3
 Summon Guardian Golem    Hex/Summ       4%         N/A       80%         3
 Tukima's Dance           Hex            4%         N/A       80%         3
 Flame Wave               Conj/Fire      4%         2d5       99%         4
 Blade Hands              Tmut           6%         N/A       100%        5
 Fireball                 Conj/Fire      2%         3d4       100%        5
 Iskenderun's Battlesphe  Conj           4%         2d6       100%        5
 Conjure Ball Lightning   Conj/Air       7%         3x3d6     100%        6
 Summon Cactus Giant      Summ           2%         N/A       100%        6
 Orb of Destruction       Conj           2%         9d5       100%        7
 Blink                    Tloc           Unusable   N/A       N/A         2

Dungeon Overview and Level Annotations

Branches:
Dungeon (13/15)            Temple (0/1) D:7            Lair (5/5) D:10
  Swamp (0/4) Lair:2       Spider (0/4) Lair:2        Slime (0/5) Lair:5
    Orc (2/2) D:12            Elf (0/3) Orc:2
 Vaults: D:13-14

Altars:
Ashenzari
Cheibriados
Fedhas
Gozag
Makhleb
Nemelex Xobeh
Qazlal
Trog
Vehumet
Yredelemnul
Zin
The Shining One

Shops:
D:1 [   D:3 :   D:8 :   D:12 ?

Portals:
Trove: D:12 (give +2 storm dragon scales)

Annotations:
D:10 exclusion: orange crystal statue
D:13 Rupert
Orc:2 Saint Roka


Innate Abilities, Weirdness & Mutations

You cannot be hasted, slowed, berserked, paralysed or teleported.
You can dig through walls and to a lower floor.
You have a pair of large antennae on your head. (SInv)
Your four strong arms can wield two-handed weapons with a shield.


Message History

Your toxic aura wanes.
A troll comes into view.
Saint Roka hits you but does no damage.
You hit Saint Roka.
Saint Roka is severely wounded.
Saint Roka is no longer moving slowly.
Saint Roka hits you but does no damage.
You barely miss Saint Roka.
Saint Roka is severely wounded.
Saint Roka invokes the aid of Beogh against you.
Beogh smites you!
* * * LOW HITPOINT WARNING * * *
The orc wizard hits you but does no damage.
You feel very mighty all of a sudden. You block Saint Roka's attack.
The orc wizard hits you but does no damage.
You barely miss Saint Roka.
Saint Roka is severely wounded.
You closely miss the orc wizard. You block Saint Roka's attack.
The orc wizard gestures at you while chanting.
The puff of flame hits you but does no damage.
Saint Roka invokes the aid of Beogh against you.
Beogh smites you!
* * * LOW HITPOINT WARNING * * *
The flow of time bends around you.
Cheibriados rebukes the troll.
The troll seems to slow down.
Cheibriados rebukes the orc wizard.
The orc wizard seems to slow down.
Saint Roka resists with some effort.
You block the orc wizard's attack. Saint Roka hits you with a +0 war axe.
* * * LOW HITPOINT WARNING * * *
The troll bites you but does no damage. You block the troll's attack. x2
You closely miss the orc wizard. You hit Saint Roka. You slice the troll!!
Saint Roka hits you with a +0 war axe!
* * * LOW HITPOINT WARNING * * *
You block the orc wizard's attack.
Unknown command.
You feel better.
Saint Roka invokes the aid of Beogh against you.
Beogh smites you!
You die...

#......#......#......
#.............#......
##............#
#...........#
##.........##
###.........##
###.#).........#
#.......)o.....#
#$......$@o..).).
..........#T#).)..
........###.#..)..
.#......# ## . >
#....... #....$..
#...$.. ####


You could see Saint Roka (very poisoned), a troll (slow) and an orc wizard
(strong, slow).

Vanquished Creatures
  Gastronok (D:8)
  3 azure jellies (Lair:5)
  An orc warlord (D:12)
  Snorg (D:11)
  Josephine (D:12)
  A hydra (Lair:5)
  Erica (D:9)
  Fannar (D:11)
  2 boulder beetles (D:9)
  2 centaur warriors
  An ogre mage (D:9)
  3 two-headed ogres
  2 tengu warriors (D:9)
  Urug (D:10)
  3 skysharks
  3 skeletal warriors (D:12)
  Sonja (D:10)
  An orb spider (Lair:2)
  An orc knight (D:13)
  2 bog bodies (Lair:2)
  4 deep elf pyromancers
  2 manticores
  6 cyclopes
  4 orc sorcerers
  2 ugly things
  Joseph (D:10)
  Maurice (Orc:1)
  8 cane toads
  A black mamba (Lair:4)
  3 unseen horrors
  A gargoyle (D:12)
  7 rime drakes
  A freezing wraith (D:9)
  Psyche (D:8)
  An efreet (D:10)
  2 ice devils (Lair:5)
  4 komodo dragons
  7 trolls
  7 hornets
  7 polar bears (Lair:5)
  15 dream sheep
  Prince Ribbit (D:9)
  17 blink frogs
  Sigmund (D:4)
  A shadow (D:9)
  14 spriggans (Lair:5)
  2 vampires (D:11)
  13 humans
  6 wraiths
  3 wyverns
  44 yaks
  4 basilisks
  2 hogs (D:12)
  3 wargs (D:12)
  4 steam dragons
  12 vampire mosquitoes
  10 water moccasins
  15 orc warriors
  3 black bears
  3 ice beasts
  3 centaurs
  3 ogres
  8 boggarts
  18 wolves
  2 kobold brigands
  8 bullfrogs
  A gnoll sergeant (D:7)
  5 scorpions
  2 wights (D:9)
  18 killer bees
  5 howler monkeys (D:9)
  An electric eel (Lair:1)
  A crimson imp (D:10)
  3 jellies
  2 gnoll boudas
  8 orc priests
  4 hounds
  A sleepcap (D:7)
  3 iguanas
  Natasha (thrice) (D:4)
  14 orc wizards
  14 gnolls
  7 adders
  A shadow imp (D:8)
  A white imp (D:7)
  5 worms
  3 dart slugs
  51 orcs
  9 endoplasms
  5 giant cockroaches
  5 goblins
  13 hobgoblins
  3 jackals (D:2)
  5 quokkas
  2 bats
  7 frilled lizards
  16 kobolds
  6 rats
  A butterfly (Lair:1)
542 creatures vanquished.

Vanquished Creatures (others)
  Kirke (D:12)
  An orc wizard (D:4)
  48 fungi
  68 plants
118 creatures vanquished.

Grand Total: 660 creatures vanquished

Notes
Turn   | Place    | Note
-------+----------+-------------------------------------------
     0 | D:1      | Bnni the Formicid Venom Mage began the quest for the Orb.
     0 | D:1      | Reached XP level 1. HP: 13/13 MP: 3/3
    64 | D:1      | Reached XP level 2. HP: 10/20 MP: 1/5
   176 | D:1      | Found Anuod's Armour Boutique.
   381 | D:1      | Reached skill level 1 in Fighting
   456 | D:1      | Reached XP level 3. HP: 26/26 MP: 6/6
   784 | D:2      | Reached skill level 5 in Poison Magic
   789 | D:2      | Learned a level 2 spell: Poisonous Vapours
   935 | D:2      | Identified the +3 robe "Lugidong" {rElec rC+ Will+}
   946 | D:2      | Reached XP level 4. HP: 22/32 MP: 2/8
   961 | D:2      | Learned a level 4 spell: Olgreb's Toxic Radiance
  1489 | D:3      | Found Orphallo's Vocational Training.
  1663 | D:3      | Identified the +3 dagger of Foolhardiness {freeze, Dex+3
                  | SInv Stlth-}
  1705 | D:3      | Reached XP level 5. HP: 38/38 MP: 4/9
  1971 | D:3      | Upgraded the game from 0.30-a0-860-g512cf1e979 to
                  | 0.30-a0-870-gc5d4c5acee
  1985 | D:3      | Learned a level 3 spell: Mephitic Cloud
  2174 | D:4      | Noticed an ogre
  2195 | D:4      | Killed an ogre
  2196 | D:4      | Reached XP level 6. HP: 47/47 MP: 1/10
  2308 | D:4      | Noticed Natasha
  2315 | D:4      | Killed Natasha
  2371 | D:4      | Found an opulent altar of Gozag.
  2380 | D:4      | Noticed Natasha
  2389 | D:4      | Killed Natasha
  2456 | D:4      | Found a glowing silver altar of Zin.
  2540 | D:4      | Noticed Sigmund
  2544 | D:4      | Reached XP level 7. HP: 46/53 MP: 6/11
  2549 | D:4      | Killed Sigmund
  2722 | D:4      | Noticed Natasha
  2728 | D:4      | Killed Natasha
  2866 | D:4      | Reached skill level 1 in Air Magic
  2866 | D:4      | Reached XP level 8. HP: 46/61 MP: 8/12
  2919 | D:4      | Found a bloodstained altar of Trog.
  3204 | D:4      | Found a snail-covered altar of Cheibriados.
  3231 | D:4      | Became a worshipper of Cheibriados the Contemplative
  3500 | D:4      | Found a broken altar of Ashenzari.
  3526 | D:5      | Entered Level 5 of the Dungeon
  3553 | D:5      | Reached skill level 5 in Fighting
  3553 | D:5      | Reached skill level 1 in Invocations
  3856 | D:5      | Reached skill level 10 in Poison Magic
  3933 | D:5      | Reached * piety under Cheibriados
  4383 | D:6      | Identified the +5 chain mail "Ziong" {rC+ rCorr Int-5
                  | Dex+3}
  4422 | D:6      | Reached XP level 9. HP: 67/69 MP: 10/13
  4778 | D:6      | Reached skill level 1 in Armour
  5458 | D:7      | Reached ** piety under Cheibriados
  5500 | D:7      | Found a glowing golden altar of the Shining One.
  5555 | D:7      | Found a staircase to the Ecumenical Temple.
  5594 | D:7      | Found a blossoming altar of Fedhas.
  5705 | D:7      | Found a basalt altar of Yredelemnul.
  5706 | D:7      | Found a stormy altar of Qazlal.
  5859 | D:7      | Reached skill level 2 in Armour
  6109 | D:8      | Reached skill level 1 in Shields
  6127 | D:8      | Reached skill level 3 in Armour
  6138 | D:8      | Reached skill level 5 in Invocations
  6138 | D:8      | Reached XP level 10. HP: 36/77 MP: 3/14
  6415 | D:8      | Found Faal's Self-Improvement Boutique.
  6679 | D:8      | Reached *** piety under Cheibriados
  6730 | D:8      | Found a sparkling altar of Nemelex Xobeh.
  6797 | D:8      | Reached skill level 5 in Shields
  6801 | D:8      | Reached skill level 4 in Armour
  6903 | D:8      | Noticed Psyche
  6920 | D:8      | Killed Psyche
  7051 | D:8      | Noticed Gastronok
  7083 | D:8      | Killed Gastronok
  7084 | D:8      | Reached skill level 5 in Armour
  7425 | D:9      | Noticed a freezing wraith
  7516 | D:9      | Noticed Prince Ribbit
  7524 | D:9      | Killed Prince Ribbit
  7628 | D:9      | Reached XP level 11. HP: 86/86 MP: 11/16
  7708 | D:9      | Reached **** piety under Cheibriados
  7737 | D:9      | Noticed Erica
  7755 | D:9      | Killed Erica
  8037 | D:9      | Reached skill level 6 in Armour
  8205 | D:9      | Noticed a boulder beetle
  8216 | D:9      | Killed a boulder beetle
  8294 | D:9      | Reached skill level 10 in Shields
  8294 | D:9      | Noticed a centaur warrior
  8311 | D:9      | Noticed a green ugly thing
  8314 | D:9      | Killed a centaur warrior
  8321 | D:9      | Killed a green ugly thing
  8462 | D:9      | Noticed a tengu warrior
  8495 | D:9      | Killed a tengu warrior
  8497 | D:9      | Noticed a two-headed ogre
  8513 | D:9      | Killed a two-headed ogre
  8514 | D:9      | Reached skill level 7 in Armour
  8514 | D:9      | Reached XP level 12. HP: 29/95 MP: 3/18
  9047 | D:9      | Noticed a tengu warrior
  9200 | D:9      | Killed a tengu warrior
  9303 | D:9      | Noticed a boulder beetle
  9311 | D:9      | Killed a boulder beetle
  9430 | D:9      | Noticed an ogre mage
  9441 | D:9      | Killed an ogre mage
  9725 | D:10     | Entered Level 10 of the Dungeon
  9725 | D:10     | Noticed Urug
  9727 | D:10     | Noticed Sonja
  9730 | D:10     | Killed Sonja
  9737 | D:10     | Killed Urug
  9738 | D:10     | Reached skill level 10 in Fighting
  9894 | D:10     | Reached skill level 8 in Armour
 10025 | D:10     | Noticed a two-headed ogre
 10034 | D:10     | Killed a two-headed ogre
 10320 | D:10     | Noticed Joseph
 10333 | D:10     | Killed Joseph
 11088 | D:10     | Found a staircase to the Lair.
 11184 | D:10     | Found a burning altar of Makhleb.
 11185 | D:10     | Found a radiant altar of Vehumet.
 11426 | D:11     | Reached ***** piety under Cheibriados
 11475 | D:11     | Noticed Fannar
 11497 | D:11     | Killed Fannar
 11617 | D:11     | Noticed Snorg
 11623 | D:11     | Reached skill level 10 in Invocations
 11623 | D:11     | Reached XP level 13. HP: 104/104 MP: 5/20
 11633 | D:11     | Killed Snorg
 12244 | D:11     | Reached skill level 9 in Armour
 13269 | D:11     | Reached skill level 10 in Armour
 13566 | D:12     | Found Okayleul's Magic Scroll Boutique.
 13609 | D:12     | Noticed Kirke
 13622 | D:12     | Killed Kirke
 14040 | D:12     | Noticed Josephine
 14060 | D:12     | Killed Josephine
 14278 | D:12     | Reached skill level 11 in Armour
 14583 | D:12     | Found a staircase to the Orcish Mines.
 14598 | D:12     | Reached XP level 14. HP: 91/114 MP: 22/22
 14894 | D:12     | Found a portal to a secret trove of treasure.
 15103 | D:13     | Noticed Rupert
 15107 | D:13     | Reached skill level 12 in Armour
 15108 | D:13     | Reached skill level 1 in Axes
 15471 | Lair:1   | Entered Level 1 of the Lair of Beasts
 16707 | Lair:2   | Found a staircase to the Swamp.
 16842 | Lair:2   | Found a hole to the Spider Nest.
 17588 | Lair:3   | Reached skill level 13 in Armour
 19701 | Lair:5   | Entered Level 5 of the Lair of Beasts
 19758 | Lair:5   | Reached XP level 15. HP: 107/122 MP: 17/24
 20160 | Lair:5   | Found a frozen archway.
 20402 | Lair:5   | Reached skill level 14 in Armour
 20588 | Lair:5   | Reached ****** piety under Cheibriados
 20590 | Lair:5   | Reached skill level 5 in Axes
 21442 | Lair:5   | Found a runed translucent door.
 21442 | Lair:5   | Noticed an azure jelly
 21443 | Lair:5   | Noticed an azure jelly
 21443 | Lair:5   | Noticed an azure jelly
 21445 | Lair:5   | Found a staircase to the Slime Pits.
 21460 | Lair:5   | Killed an azure jelly
 21469 | Lair:5   | Killed an azure jelly
 21475 | Lair:5   | Killed an azure jelly
 21476 | Lair:5   | Reached skill level 15 in Armour
 21913 | D:8      | Bought a manual of Axes for 1120 gold pieces
 22293 | Orc:1    | Entered Level 1 of the Orcish Mines
 22293 | Orc:1    | Noticed an orc warlord
 22300 | Orc:1    | Noticed Maurice
 22305 | D:12     | Killed an orc warlord
 22382 | Orc:1    | Killed Maurice
 22479 | Orc:2    | Entered Level 2 of the Orcish Mines
 22541 | Orc:2    | Found a staircase to the Elven Halls.
 22541 | Orc:2    | Noticed Saint Roka
 22564 | Orc:2    | HP: 3/125 [Saint Roka/+0 war axe (16)]
 22565 | Orc:2    | Killed from afar by Saint Roka

Illustrated notes

Levels and vault maps discovered:
D:1:      dpeg_arrival_tiny_a, layout_basic, serial_shops,
          nicolae_shop_advertising_works [nicolae_subvault_shop_adworks],
          minmay_misc_feat_iff
D:2:      layout_rooms
D:3:      kennysheep_six_static_rooms, layout_rooms, nicolae_shop_vocational
D:4:      layout_loops_ring, pdpol_temple_overflow_zin_treasury_gozag_greed,
          mainiacjoe_overflow_alcove_1, cheibrodos_worm_habitat, bloody_trog,
          serial_bayou_ford_a, serial_bayou_crossing, uniq_sigmund, uniq_natasha
D:5:      layout_cave_pools, kennysheep_generic_room_8
D:6:      layout_loops_ring
D:7:      layout_basic, mainiacjoe_overflow_small_starburst,
          fedhas_altar_fruit_tree, gammafunk_temple_overflow_pools,
          lemuel_temple_firewalk_a
D:8:      layout_loops_ring, kennysheep_mini, nicolae_shop_self_help,
          uniq_gastronok, uniq_psyche
D:9:      nzn_winding_woodlands_large [nzn_winding_woodlands_5x5_three,
          nzn_winding_woodlands_5x15_pockets,
          nzn_winding_woodlands_5x5_closed_star,
          nzn_winding_woodlands_center_diamonds,
          nzn_winding_woodlands_15x15_boxy_spiral,
          nzn_winding_woodlands_center_triple_pond,
          nzn_winding_woodlands_5x5_open_star,
          nzn_winding_woodlands_5x15_sawtooth,
          nzn_winding_woodlands_5x5_default], layout_rooms, uniq_prince_ribbit1,
          uniq_erica
D:10:     layout_long_grid, grunt_temple_overflow_lords_of_destruction,
          grunt_lair_entry_orc_guard_hut, minmay_protected_statue, uniq_urug,
          uniq_sonja, uniq_joseph
D:11:     wad_river_or_something, layout_loops_ring, uniq_fannar, uniq_snorg
D:12:     layout_loops_cross, minmay_orc_entry_guard_dogs,
          nicolae_trove_entry_crystal, serial_shops, shop_statue, uniq_kirke,
          uniq_josephine
D:13:     layout_roguey [special_room_orc], david_vaults_3,
          minmay_misc_feat_secret_circle, eino_tiny_chamber
Lair:1:   layout_misc_corridors, infiniplex_staircase_pool_2,
          lemuel_fruit_fields, serial_bayou_shore_a, lemuel_fruit_fields
Lair:2:   layout_long_grid, skrybe_swamp_entry_bodies,
          nicolae_spider_entry_orb_guardian
Lair:3:   layout_loops_ring
Lair:4:   layout_cellular_growth
Lair:5:   minmay_lair_end_enchanted_forest, layout_cellular_growth,
          slime_entry_2, portal_ice_cave_demonic_guard, minmay_lair_drake_nest
Orc:1:    layout_diamond_mine, gammafunk_ghost_necromancy, led_sif_book,
          uniq_jorgrun, uniq_maurice
Orc:2:    st_orc_open, layout_diamond_mine, serial_shops, shop, uniq_saint_roka

Skill      XL: |  1  2  3  4  5  6  7  8  9 10 11 12 13 14 15 |
---------------+----------------------------------------------+-----
Fighting       | 1 2 3 4 5 6 8 9 10 11 12 13 | 13.9
Poison Magic   | 5 7 8 9 10 12 | 12.0
Spellcasting   | 3 |  3.0
Air Magic      | 1 2 3 |  3.0
Invocations    | 2 5 6 8 10 11 13 | 13.0
Armour         | 3 5 7 8 11 13 15 | 15.2
Shields        | 3 7 11 13 14 | 14.0
Axes           | 4 7 |  7.4
Dodging        | 2 |  2.0
Stealth        | |  2.5
Transmutations | |  1.1

Action                     |  1- 3 |  4- 6 |  7- 9 | 10-12 | 13-15 || total
---------------------------+-------+-------+-------+-------+-------++-------
  Melee: Short sword       |    80 |   109 |   132 |       |       ||   321
         Punch             |     2 |       |     4 |     1 |       ||     7
         Dagger            |       |     1 |   124 |   266 |       ||   391
         Morningstar       |       |       |       |   150 |   732 ||   882
         Scimitar          |       |       |       |       |    53 ||    53
         Battleaxe         |       |       |       |       |    33 ||    33
   Cast: Sting             |    21 |    13 |    19 |    34 |    22 ||   109
         Olgreb's Toxic Ra |       |     2 |    16 |    20 |    54 ||    92
         Poisonous Vapours |       |    10 |    46 |    88 |    96 ||   240
         Mephitic Cloud    |       |       |     3 |     8 |     2 ||    13
 Invoke: Bend Time         |       |       |       |     7 |     6 ||    13
         Slouch            |       |       |       |     2 |     8 ||    10
         Temporal Distorti |       |       |       |       |     1 ||     1
Ability: Dig               |       |     1 |       |       |     2 ||     3
  Evoke: Wand              |       |       |     1 |       |     3 ||     4
    Use: Scroll            |       |       |     7 |     8 |     7 ||    22
         Potion            |       |       |       |     3 |     7 ||    10
   Stab: Sleeping          |     4 |       |       |     2 |     1 ||     7
         Confused          |       |       |     1 |     6 |     3 ||    10
         Invisible         |       |       |       |     1 |       ||     1
 Armour: Robe              |    26 |    41 |   153 |   153 |   178 ||   551
         Chain mail        |       |       |       |       |   270 ||   270
         Plate armour      |       |       |       |       |   148 ||   148
  Dodge: Dodged            |    65 |    62 |   190 |   221 |   486 ||  1024
  Block: Kite shield       |       |       |       |   332 |  1020 ||  1352

Table legend: (Time is in decaauts)
 A = Elapsed time spent in this place.
 B = Non-inter-level travel time spent in this place.
 C = Inter-level travel time spent in this place.
 D = Time resting spent in this place.
 E = Time spent auto-exploring this place.
 F = Levels seen in this place.
 G = Mean time per level.
                   A        B        C        D        E       F      G
               +--------+--------+--------+--------+--------+-----+--------+
         Total |  29905 |  27471 |   2434 |   4173 |  18064 |  20 | 1495.2 |
       Dungeon |  19651 |  18054 |   1597 |   3183 |  11348 |  13 | 1511.6 |
          Lair |   9927 |   9114 |    813 |    990 |   6541 |   5 | 1985.4 |
  Orcish Mines |    326 |    303 |     23 |      0 |    175 |   2 |  163.0 |
               +--------+--------+--------+--------+--------+-----+--------+

Top non-repeatable levels by time:
  Lair:5: 2968 daAuts
    D:11: 2835 daAuts
    D:12: 2764 daAuts
     D:9: 2606 daAuts
    D:10: 2337 daAuts
     D:8: 2083 daAuts
  Lair:2: 1909 daAuts
  Lair:4: 1842 daAuts
  Lair:1: 1648 daAuts
     D:4: 1633 daAuts
  Lair:3: 1559 daAuts
     D:6: 1314 daAuts
     D:7: 1100 daAuts
     D:5: 934 daAuts
     D:1: 739 daAuts
